 Dungeon Crawl Stone Soup version 0.31.0-1-g2c135a008e (webtiles) character file.

Game seed: 14283438153687902337

10 qw the Shooter (level 2, -1/23 HPs)
             Began as a Djinni Hunter on Jan 23, 2024.
             Slain by a gnoll
             ... wielding a +0 club
              (5 damage)
             ... on level 1 of the Dungeon.
             The game lasted 00:00:00 (295 turns).

qw the Shooter (Djinni Hunter)                       Turns: 295, Time: 00:00:01

Health: -1/23      AC:  3    Str: 10    XL:     2   Next: 30%
Gold:   15         EV: 12    Int: 10    God:
                   SH:  0    Dex: 16

rFire   + + .        a - +0 shortbow
rCold   x . .        (shield currently unavailable)
rNeg    . . .        c - +0 leather armour
rPois   inf          (no helmet)
rElec   .            (no cloak)
rCorr   .            (no gloves)
SInv    .            (boots unavailable)
Will    .....        (no amulet)
Stlth   +            (no ring)
HPRegen 0.23/turn    (no ring)
MPRegen 0.00/turn

%: infuse magic (-2 HP)
@: flying
A: sickness immunity, fire resistance 2, cold vulnerability 1, float, innate
caster, HP casting, extra vitality 1
a: no special abilities


You were on level 1 of the Dungeon.
You visited 1 branch of the dungeon, and saw 1 of its levels.

You collected 15 gold pieces.


Innate Abilities, Weirdness & Mutations

You are immune to sickness and miasma.
You are immune to poison.
Your flesh is very heat resistant. (rF++)
You are vulnerable to cold. (rC-)
You float through the air rather than walking.
You learn spells naturally, not from books.
Your magical power is your life essence.
You have superior vitality. (+4 MHP)


   Skills:
 - Level 2.0 Fighting
 + Level 3.7 Ranged Weapons
 - Level 2.1 Dodging
 - Level 0.7 Stealth You didn't know any spells. Your spell library was empty.

Inventory:

Hand Weapons
 a - a +0 shortbow (weapon)
Armour
 c - a +0 leather armour (worn)
 e - a +0 ring mail
Scrolls
 b - a scroll of butterflies
Potions
 d - a potion of enlightenment {unknown}
 f - a potion of ambrosia {unknown}

Dungeon Overview and Level Annotations

Branches:
Dungeon (1/15)

Altars:


Message History

You shoot an arrow. The arrow hits the kobold.
You kill the kobold!
You start resting.
HP restored.
Things that are here:
a +0 whip; 5 stones; a kobold corpse
Found a stone staircase leading down.
Found a stone staircase leading down.
There is a stone staircase leading down here.
A rat comes into view.
You shoot an arrow. The arrow hits the rat.
You kill the rat!
A quokka comes into view.
The quokka moves out of view.
f - a fizzy emerald potion A quokka and a gnoll come into view.
Found 2 stones.
The gnoll shouts!
You shoot an arrow. The arrow closely misses the quokka.
The quokka closely misses you. The quokka bites you.
You shoot an arrow. The arrow hits the gnoll.
The gnoll is moderately wounded.
The gnoll hits you with a +0 club. The quokka bites you.
You shoot an arrow. The arrow hits the gnoll.
The gnoll is moderately wounded.
The quokka bites you. The gnoll barely misses you.
The quokka barely misses you. The gnoll hits you with a +0 club.
You shoot an arrow.
The arrow hits the gnoll but does no damage.
The gnoll is moderately wounded.
The quokka misses you. The gnoll hits you with a +0 club.
You shoot an arrow. The arrow hits the gnoll.
The gnoll is severely wounded.
The quokka bites you but does no damage.
The gnoll hits you with a +0 club.
The quokka bites you but does no damage.
You shoot an arrow. The arrow hits the gnoll.
The gnoll is severely wounded.
The gnoll hits you with a +0 club.
You die...

#~~## ..
#~~~######.#######
#~~~~#.~.~...~?~.. #
#~~~~~~~~~~~~~~~~~
#.#~~~~~~~~~~~~~~~~~
#.#.~~~~~~~~~~~~~~~~
#.g~~~~~~~~~~~~~~~~~
#.@......~..~.~..#
(.....r###.##.^.......#
##..... ......###.....#
......####.#### #.....#
###### #.# #.....# #.#
####.....# #.#
#.....#### #.# #>#####
#.###.#


You could see a gnoll and a quokka.

Vanquished Creatures
  A dart slug (D:1)
  3 endoplasms (D:1)
  A quokka (D:1)
  A bat (D:1)
  A kobold (D:1)
  A rat (D:1)
8 creatures vanquished.

Notes
Turn   | Place    | Note
-------+----------+-------------------------------------------
     0 | D:1      | qw the Djinni Hunter began the quest for the Orb.
     0 | D:1      | Reached XP level 1. HP: 18/18 MP: 0/0
     0 | D:1      | 0 ||| qw: Version: 0.3-a-136-gdd3b4e8
     0 | D:1      | 0 ||| qw: Game counter: 1129
     0 | D:1      | 0 ||| qw: Melee chars always use a shield: true
     0 | D:1      | 0 ||| qw: God list: Okawaru
     0 | D:1      | 0 ||| qw: Allow faded altars: false
     0 | D:1      | 0 ||| qw: Do Orc after clearing Dungeon:15 true
     0 | D:1      | 0 ||| qw: Do second Lair branch before Depths: true
     0 | D:1      | 0 ||| qw: Lair rune preference: random
     0 | D:1      | 0 ||| qw: Goals: Normal
     0 | D:1      | 0 ||| PLANNING D:1-11
    83 | D:1      | Reached XP level 2. HP: 7/23 MP: 0/0
   293 | D:1      | HP: 5/23 [gnoll/+0 club (6)]
   295 | D:1      | Slain by a gnoll

Levels and vault maps discovered:
D:1:      eino_arrival_cavern_b, layout_rooms, chequers_serial_rivers_large_a,
          hangedman_decor_push, minmay_pentomino_r2

Action                     || total
---------------------------++-------
   Fire: Shortbow          ||    34
 Armour: Leather armour    ||    21
  Dodge: Dodged            ||    12

Table legend:
 A = Non-vault XP
 B = Vault XP
 C = Vault XP percentage of total XP
 D = Non-vault monster count
 E = Vault monster count
 F = Vault count percentage of total count
                 A         B        C        D         E       F
            +---------+---------+-------+---------+---------+-------
      Total |      11 |       4 |  26.7 |       6 |       2 |  25.0
            +---------+---------+-------+---------+---------+-------
        D:1 |      11 |       4 |  26.7 |       6 |       2 |  25.0
            +---------+---------+-------+---------+---------+-------
